 Dungeon Crawl Stone Soup version 0.17-a0-2122-g03d97ec (webtiles) character file.

171 fredomojojo the Covered (level 5, -6/41 HPs)
             Began as a Human Fighter on Oct 21, 2015.
             Killed by nerve-wracking pain
             ... invoked by Menkaure
              (8 damage)
             ... on level 4 of the Dungeon.
             The game lasted 00:45:28 (2611 turns).

fredomojojo the Covered (Human Fighter)             Turns: 2611, Time: 00:45:29

Health: -6/41      AC:  7    Str: 17    XL:     5   Next: 81%
Magic:  5/5        EV:  8    Int:  8    God:
Gold:   169        SH: 10    Dex: 13    Spells: 0 memorised, 4 levels left

rFire  . . .     SeeInvis .     a - +1 long sword
rCold  . . .     Clarity  .     b - +0 scale mail
rNeg   . . .     SustAt   .     c - +1 shield
rPois  .         Gourm    .     (no helmet)
rElec  .         Spirit   .     (no cloak)
rCorr  .         Warding  .     (no gloves)
rMut   .         Stasis   .     (no boots)
MR     .....                    (no amulet)
Stlth  ..........               (no ring)
                                (no ring)

@: not resistant to hostile enchantments, extremely unstealthy
A: no striking features
a: no special abilities


You were on level 4 of the Dungeon.
You were not hungry.

You visited 1 branch of the dungeon, and saw 5 of its levels.

You collected 169 gold pieces.

Inventory:

Hand Weapons
 a - a +1 long sword (weapon)
Missiles
 e - 53 arrows
 j - 57 stones (quivered)
 k - 13 arrows of flame
 n - 8 sling bullets
Armour
 b - a +0 scale mail (worn)
 c - a +1 shield (worn)
Scrolls
 g - 4 scrolls of remove curse
Potions
 d - a potion of might
 f - a potion of curing
 i - a potion of poison {unknown}
 l - a potion of lignification {unknown}
 m - a potion of agility
 p - a potion of resistance
 q - 2 potions of cure mutation
Comestibles
 r - a meat ration
 s - 2 bread rations
 t - 3 slices of pizza


   Skills:
 + Level 3.5 Fighting
 + Level 2.6 Long Blades
 + Level 3.9 Armour
 + Level 2.2 Dodging
 + Level 0.2 Stealth
 + Level 3.8 Shields


You had 4 spell levels left.
You didn't know any spells.

Dungeon Overview and Level Annotations

Branches:
Dungeon (5/15)
 Temple: D:4-7

Altars:

Annotations:
D:4 Menkaure


Message History

Menkaure is moderately damaged.
Menkaure hits you!!
* * * LOW HITPOINT WARNING * * *
You barely miss Menkaure.
Menkaure is moderately damaged.
You feel a little less agile now. You block Menkaure's attack.
Menkaure hits you.
* * * LOW HITPOINT WARNING * * *
You hit Menkaure.
Menkaure is moderately damaged.
Menkaure calls on the powers of darkness!
You feel a surge of unholy energy. You block Menkaure's attack.
You slash Menkaure!
Menkaure is heavily damaged.
Menkaure barely misses you.
Your shield and scale mail prevent you from hitting Menkaure.
Menkaure is heavily damaged.
Menkaure gestures at you while chanting.
Pain shoots through your body!
You die...

. #..# ..###.##........
## #..###.#...........%.
.# ......>.............
####......#.#.#......##.
...... ................
###..# #.#...#.#....##.
#..####.#...#.#.......
#..M...((.(.(M@(...##.
#.#####.#...#.#.......
#.# #.#............. #.#
#.##..#.#....##. #.#
#.##..#........ #.#
#..........#..#. #M#
#.##..#....#..#
#)#####..........#..#..
###..............†.......


You could see Menkaure.

Vanquished Creatures
  A giant frog zombie (D:4)
  An orc wizard (D:3)
  3 adders
  An ooze (D:4)
  3 giant geckos
  13 orcs
  5 goblins
  6 hobgoblins
  4 jackals (D:1)
  7 kobolds
  A ball python (D:2)
  8 bats
  4 giant cockroaches
  3 giant newts
  3 rats (D:2)
63 creatures vanquished.

Notes
Turn   | Place    | Note
--------------------------------------------------------------
     0 | D:1      | fredomojojo the Human Fighter began the quest for the Orb.
     0 | D:1      | Reached XP level 1. HP: 18/18 MP: 1/1
   240 | D:2      | Reached XP level 2. HP: 21/24 MP: 2/2
   677 | D:1      | Reached XP level 3. HP: 29/29 MP: 3/3
   745 | D:1      | Reached skill level 1 in Dodging
  1096 | D:2      | Reached XP level 4. HP: 13/35 MP: 4/4
  2069 | D:3      | Reached XP level 5. HP: 30/41 MP: 5/5
  2442 | D:5      | Entered Level 5 of the Dungeon
  2559 | D:4      | Noticed Menkaure
  2608 | D:4      | HP: 2/41 [Menkaure (3)]
  2611 | D:4      | Killed from afar by Menkaure

Vault maps used:
D:1:      elethiomel_arrival_shortcut
D:2:      wad_crossroads, serial_co_window_serial, co_window_paths_a,
          co_window_of_opportunity_a, co_window_paths_a, co_window_cross_1,
          co_window_paths_a, co_window_broadway_c, co_window_broadway_b,
          co_window_2corner, glass_columns_a, glass_columns_b, glass_columns_a,
          glass_columns_a
D:3:      kennysheep_nondescript
D:4:      first_bread, uniq_menkaure
D:5:      hangedman_abyss_or_decor_jellyfish_corner, uniq_eustachio

Action                   |  1- 3 |  4- 6 || total
-------------------------+-------+-------++-------
Melee: Long sword        |   126 |   116 ||   242
Throw: Stone             |     2 |     3 ||     5
       Tomahawk          |       |     6 ||     6
  Use: Scroll            |     6 |     8 ||    14
       Potion            |       |     5 ||     5
  Eat: Bread ration      |     1 |     1 ||     2
